 Dungeon Crawl Stone Soup version 0.25.1-3-ge44b62a0b3 (webtiles) character file.

Game seed: 17022603356577968552

194 Cazemata the Chopper (level 5, -8/45 HPs)
             Began as a Minotaur Berserker on Nov 20, 2020.
             Was a Believer of Trog.
             Splashed by a jelly's acid (10 damage)
             ... on level 3 of the Dungeon.
             The game lasted 00:05:05 (2239 turns).

Cazemata the Chopper (Minotaur Berserker)           Turns: 2239, Time: 00:05:05

Health: -8/45      AC: -8    Str: 22    XL:     5   Next: 44%
Magic:  4/4        EV: 12    Int:  5    God:    Trog [**....]
Gold:   96         SH:  0    Dex:  9    Spells: 4/4 levels left

rFire    . . .     SeeInvis .   a - +0 hand axe
rCold    . . .     Gourm    .   (no shield)
rNeg     . . .     Faith    .   l - +0 leather armour
rPois    .         Spirit   .   (helmet restricted)
rElec    .         Reflect  .   (no cloak)
rCorr    .         Harm     .   (no gloves)
MR       .....                  (no boots)
Stlth    +.........             (no amulet)
HPRegen  0.15/turn              (no ring)
MPRegen  0.09/turn              (no ring)

@: corroded
A: retaliatory headbutt, horns 2
a: Berserk, Trog's Hand, Renounce Religion


You were on level 3 of the Dungeon.
You worshipped Trog.
Trog was pleased with you.
You were hungry.

You visited 1 branch of the dungeon, and saw 4 of its levels.

You collected 96 gold pieces.

Inventory:

Hand Weapons
 a - a +0 hand axe (weapon)
Missiles
 u - 2 throwing nets (quivered)
 v - 7 poisoned darts
Armour
 b - a +0 animal skin
 l - a +0 leather armour (worn)
Jewellery
 e - an uncursed ring of stealth {unknown}
 p - an uncursed amulet of magic regeneration {unknown}
Scrolls
 g - 4 scrolls of fog {unknown}
 h - 3 scrolls of noise {unknown}
 i - 2 scrolls of remove curse {unknown}
 m - 4 scrolls of identify {unknown}
 o - a scroll of teleportation {unknown}
Potions
 d - a potion of berserk rage {unknown}
 j - 2 potions of haste {unknown}
 k - 2 potions of curing {unknown}
 n - a potion of ambrosia {unknown}
 q - a potion of resistance {unknown}
 r - a potion of mutation {unknown}
 s - a potion of flight {unknown}
 t - 2 potions of might {unknown}
Comestibles
 c - 3 rations


   Skills:
 - Level 3.6 Fighting
 * Level 7.5 Axes
 - Level 2.4 Armour
 - Level 2.1 Dodging


You had 4 spell levels left.
You didn't know any spells.
Your spell library was empty.

Dungeon Overview and Level Annotations

Branches:
Dungeon (4/15)
 Temple: D:4-7

Altars:
Elyvilon
Ru
Yredelemnul


Innate Abilities, Weirdness & Mutations

You reflexively headbutt those who attack you in melee.
You have a pair of horns on your head.


Message History

Found two bat skeletons, two rat skeletons and 22 gold pieces.
There is an open door here.
You hit the jelly but do no damage.
Your hands burn!
You headbutt the jelly.
The jelly is moderately wounded.
You hit the jelly. The acid corrodes you!
Your hands burn!
The jelly closely misses you. You furiously retaliate!
You headbutt the jelly!
The ooze hits the fungus.
The jelly misses you. You furiously retaliate!
You headbutt the jelly, but do no damage.
You hit the jelly but do no damage.
Your hands burn!
* * * LOW HITPOINT WARNING * * *
You headbutt the jelly, but do no damage.
The jelly is severely wounded.
You hit the jelly.
Your hands burn!
* * * LOW HITPOINT WARNING * * *
You hit the ooze but do no damage. The ooze hits you.
* * * LOW HITPOINT WARNING * * *
The jelly hits you.
* * * LOW HITPOINT WARNING * * *
The acid corrodes you!
You are splashed with acid!
You die...

###.....##.......##.....##..#.#.#
........##.......##.....##.#.#...
........##.......##.....#.#...#..
##......##.......##......#.....#.
####...######....###.....#.≈≈≈.#.
.....#####..'....# #.##..#≈...≈#.
.....# #.######## #####.#≈._.≈#.
....## ##.....†## #####.#≈...≈#.
....# #######@# #.....#.≈≈≈.#.
....# ..J÷JJJJJ##.....#.....#.
....# ÷P...PJPJ##......#...#.#
...## ...P.P.J.##.....<.#.#.##
##.##### ...J.P.P.##......#.#..#
#.....# .....P.P.##.(.........#
##.....# $.....÷..##......#..[##
#......# ###########.....######
#......#############.....##


You could see 2 jellies and 8 oozes.

Vanquished Creatures
  A hound (D:4)
  Terence (D:2)
  A hound skeleton (D:3)
  3 gnolls (D:2)
  2 adders
  2 oozes (D:1)
  An adder skeleton (D:4)
  2 worms
  2 dart slugs (D:1)
  3 leopard geckos
  5 bats
  4 giant cockroaches
  5 hobgoblins
  4 jackals (D:2)
  10 kobolds
  3 ball pythons (D:1)
  A frilled lizard (D:3)
  9 goblins
  6 rats
65 creatures vanquished.

Vanquished Creatures (others)
  6 toadstools (D:3)
6 creatures vanquished.

Grand Total: 71 creatures vanquished

Notes
Turn   | Place    | Note
-------+----------+-------------------------------------------
     0 | D:1      | Cazemata the Minotaur Berserker began the quest for the
                  | Orb.
     0 | D:1      | Reached XP level 1. HP: 19/19 MP: 0/0
    63 | D:1      | Reached skill level 4 in Axes
   174 | D:1      | Reached XP level 2. HP: 22/26 MP: 1/1
   540 | D:1      | Reached skill level 5 in Axes
   542 | D:1      | Reached XP level 3. HP: 31/31 MP: 2/2
   797 | D:2      | Reached ** piety under Trog
   914 | D:2      | You fall into a shaft and drop 2 floors!
   996 | D:4      | Reached skill level 6 in Axes
   996 | D:4      | Reached XP level 4. HP: 33/39 MP: 3/3
  1284 | D:2      | Reached skill level 7 in Axes
  1284 | D:2      | Reached XP level 5. HP: 38/45 MP: 4/4
  1401 | D:2      | Noticed Terence
  1412 | D:2      | Killed Terence
  1578 | D:2      | Found a basalt altar of Yredelemnul.
  1659 | D:3      | Found a sacrificial altar of Ru.
  1951 | D:3      | Found a white marble altar of Elyvilon.
  2239 | D:3      | HP: 2/45 [jelly (3)]
  2239 | D:3      | Splashed by a jelly's acid

Illustrated notes

Levels and vault maps discovered:
D:1:      minmay_arrival_three_doors, layout_basic, minmay_shallow_snake_nest
D:2:      layout_rooms, old_standard_altar, chequers_serial_rivers_marsh,
          uniq_terence
D:3:      cheibrodos_fertilizer, layout_rooms, elyvilon_altar_3,
          nicolae_ru_awakened_eye, first_ration, grunt_decor_arrowhead,
          kennysheep_big_empty_room
D:4:      layout_basic, bloody_trog, gammafunk_temple_overflow_pools

Skill      XL: |  1  2  3  4 |
---------------+-------------+-----
Axes           | 4 5 6 7 |  7.5
Fighting       | |  3.6
Armour         | |  2.4
Dodging        | |  2.1

Action                   |  1- 3 |  4- 6 || total
-------------------------+-------+-------++-------
Melee: Hand axe          |    62 |    76 ||   138
       Headbutt          |     6 |    15 ||    21
Invok: Trog's Hand       |       |     1 ||     1
  Eat: Chunk             |       |     4 ||     4
Armor: Leather armour    |    17 |     9 ||    26
Dodge: Dodged            |    42 |    57 ||    99
